 Dungeon Crawl Stone Soup version 0.23.2-33-g5129a83184 (webtiles) character file.

Game seed: 12161877730435359411

86 Atelerd the Magician (level 4, -4/27 HPs)
             Began as an Octopode Wizard on July 11, 2019.
             Killed from afar by Natasha (9 damage)
             ... with a magic dart
             ... on level 3 of the Dungeon.
             The game lasted 00:04:12 (1875 turns).

Atelerd the Magician (Octopode Wizard)              Turns: 1875, Time: 00:04:12

Health: -4/27      AC:  1    Str:  6    XL:     4   Next: 49%
Magic:  7/9        EV: 13    Int: 21    God:
Gold:   90         SH:  0    Dex: 10    Spells: 4/10 levels left

rFire    . . .     SeeInvis .   b - +0 short sword
rCold    . . .     Gourm    .   (no shield)
rNeg     . . .     Faith    .   a - +0 hat
rPois    .         Spirit   .   e - amulet of the acrobat
rElec    .         Reflect  .   j - ring of protection from magic
rCorr    .         Harm     .   (no ring)
MR       +....                  (no ring)
Stlth    +++.......             (no ring)
HPRegen  0.09/turn              (no ring)
MPRegen  0.11/turn              (no ring)
                                (no ring)
                                (no ring)

@: no status effects
A: almost no armour, stealthy swim, amphibious, 8 rings, constrict 8, camouflage
1, gelatinous body 1
a: no special abilities


You were on level 3 of the Dungeon.
You were very hungry.

You visited 1 branch of the dungeon, and saw 3 of its levels.

You collected 90 gold pieces.

Inventory:

Hand Weapons
 b - a +0 short sword (weapon)
Armour
 a - a +0 hat (worn)
Jewellery
 e - an amulet of the acrobat (around mantle)
 j - a ring of protection from magic (left tentacle)
 p - an uncursed amulet of the gourmand
 q - a +5 ring of strength {unknown}
Scrolls
 d - a scroll of blinking {unknown}
 h - a scroll of fear {unknown}
 i - 2 scrolls of fog {unknown}
 k - a scroll of noise {unknown}
 l - 3 scrolls of remove curse {unknown}
 m - 2 scrolls of identify {unknown}
Potions
 f - a potion of mutation {unknown}
 g - a potion of degeneration {unknown}
 n - a potion of heal wounds {unknown}
 o - a potion of agility {unknown}
Comestibles
 c - 5 rations


   Skills:
 - Level 2.0 Dodging
 - Level 2.6 Stealth
 + Level 3.6 Spellcasting
 * Level 3.4 Conjurations
   Level 1.0 Summonings
 - Level 1.0 Translocations


You had 4 spell levels left.
You knew the following spells:

 Your Spells              Type           Power        Failure   Level  Hunger
a - Magic Dart            Conj           ###.         3%          1    None
b - Mephitic Cloud        Conj/Pois/Air  #.......     24%         3    ###....
c - Blink                 Tloc           N/A          12%         2    ##.....

Your spell library contained the following spells:

 Spells                   Type           Power        Failure   Level  Hunger
 Call Imp                 Summ           #.......     12%         2    ##.....
 Slow                     Hex            #.......     19%         2    ##.....
 Conjure Flame            Conj/Fire      ##......     19%         3    ###....


Dungeon Overview and Level Annotations

Branches:
Dungeon (3/15)

Altars:

Annotations:
D:3 Natasha


Innate Abilities, Weirdness & Mutations

You cannot wear most types of armour.
You are very stealthy in the water. (Stealth+)
You are amphibious.
You can wear up to eight rings at the same time.
You can use your tentacles to constrict eight enemies at once.
Your skin changes colour to match your surroundings (Stealth+).
Your rubbery body absorbs attacks. (AC +1, EV +1)


Message History

You barely miss Natasha.
Natasha is moderately wounded.
You constrict Natasha. Natasha claws you!
You hit Natasha but do no damage.
Natasha is moderately wounded.
You constrict Natasha. Natasha closely misses you.
You hit Natasha.
Natasha is severely wounded.
You constrict Natasha. Natasha casts a spell at you. The magic dart hits you.
You hit Natasha but do no damage.
Natasha is severely wounded.
You constrict Natasha. Natasha casts a spell at you. The magic dart hits you!
* * * LOW HITPOINT WARNING * * *
Natasha casts a spell at you. The magic dart hits you!
You die...

.......
#.........
#.........#
.........#
.........# ..
#........# ..
#.###....)...#
.
#..h@........#
#####........#
#........#
#........#
#........# ###
#........# #..
##.......# #..
###...#.# ##..
#...#.#####...


You could see Natasha.

Vanquished Creatures
  3 adders
  A worm (D:2)
  2 dart slugs (D:2)
  A leopard gecko (D:2)
  An orc (D:3)
  3 bats
  6 giant cockroaches
  6 hobgoblins
  2 quokkas (D:2)
  4 frilled lizards
  6 goblins
  9 kobolds
  8 rats
52 creatures vanquished.

Notes
Turn   | Place    | Note
-------+----------+-------------------------------------------
     0 | D:1      | Atelerd the Octopode Wizard began the quest for the Orb.
     0 | D:1      | Reached XP level 1. HP: 11/11 MP: 4/4
   292 | D:1      | Reached XP level 2. HP: 11/17 MP: 1/6
   843 | D:2      | Reached XP level 3. HP: 19/21 MP: 7/7
   848 | D:2      | Learned a level 3 spell: Mephitic Cloud
   851 | D:2      | Learned a level 2 spell: Blink
  1234 | D:2      | Found a faded altar of an unknown god.
  1516 | D:2      | Reached XP level 4. HP: 13/27 MP: 2/9
  1866 | D:3      | Noticed Natasha
  1875 | D:3      | Killed from afar by Natasha

Skill      XL: |  1  2  3 |
---------------+----------+-----
Conjurations   | 2 3 |  3.4
Dodging        | |  2.0
Stealth        | |  2.6
Spellcasting   | |  3.6
Summonings     | |  1.0
Translocations | |  1.0

Action                   |  1- 3 |  4- 6 || total
-------------------------+-------+-------++-------
Melee: Short sword       |    69 |    20 ||    89
       Constrict         |    20 |     5 ||    25
       Tentacles         |     7 |     3 ||    10
 Cast: Magic Dart        |    41 |    15 ||    56
       Mephitic Cloud    |     2 |     2 ||     4
       Blink             |     1 |       ||     1
 Stab: Sleeping          |     7 |     2 ||     9
       Confused          |     1 |       ||     1
  Eat: Chunk             |     2 |       ||     2
Armor: Skin              |     4 |       ||     4
Dodge: Dodged            |    46 |    14 ||    60
